Map: Traitor's Exile

Players

RafiBomb

  • Race: Terran Terran
  • Spawn Location: 9:00

Nexos

  • Race: Zerg Zerg
  • Spawn Location: 12:00

PureLegacy - Winner!

  • Race: Terran Terran
  • League: Master
  • Spawn Location: 5:00

StoneRage - Winner!

  • Race: Zerg Zerg
  • Spawn Location: 6:00

VOD

Have the link to the VOD?

Description

Time

  • Played on: Dec. 3, 2018, 3:27 p.m.
  • Length: 4:15
Show
View Real Time Build Order
Export as new Build Order

RafiBomb Terran 

Build Orders: 1/1/1 

Get SALT Encoding   

  12  0:03  SCV  
  13  0:14  Supply Depot  
  13  0:22  SCV  
  14  0:36  Refinery  
  14  0:40  Barracks  
  14  0:47  Refinery  
  14  0:51  SCV  
  15  1:03  SCV  
  16  1:15  SCV  
  17  1:32  Orbital Command  
  17  1:34  Barracks Reactor  
  17  1:42  Factory  
  17  1:53  Supply Depot  
  17  2:00  SCV  
  18  2:10  Reaper x2  
  18  2:15  SCV  
  21  2:26  Starport  
  21  2:29  Factory Tech Lab  
  21  2:35  SCV  
  20  2:47  SCV  
  19  2:59  Reaper x2  
  20  3:11  Hellion  
  18  3:16  SCV  
  6  3:28  SCV  
  6  3:40  SCV  
  2  3:59  Starport Tech Lab  
Show
View Real Time Build Order
Export as new Build Order

Nexos Zerg 

Build Orders: Pool First 

Get SALT Encoding   

  12  0:01  Drone  
  13  0:08  Drone  
  14  0:19  Overlord  
  14  0:37  Drone x3  
  14  0:41  Extractor  
  16  0:49  Spawning Pool  
  15  0:52  Drone  
  16  1:02  Drone  
  17  1:23  Hatchery  
  16  1:26  Drone  
  16  1:30  Drone  
  18  1:47  Spine Crawler  
  17  2:09  Zergling x2  
  17  2:12  Zergling x2  
  19  2:15  Zergling x2  
  20  2:36  Drone x3  
  23  2:47  Drone  
  23  2:48  Drone  
  23  2:51  Metabolic Boost  
  25  2:52  Overlord  
  25  3:02  Spine Crawler  
  25  3:04  Spine Crawler  
  22  3:11  Zergling x6  
  25  3:20  Zergling x2  
  25  3:21  Zergling x2  
  25  3:29  Zergling x4  
  27  3:38  Zergling x2  
  24  3:55  Zergling x6  
Show
View Real Time Build Order
Export as new Build Order

PureLegacy Terran - Winner!

Build Orders:  

Get SALT Encoding   

  12  0:01  SCV  
  13  0:14  SCV  
  14  0:18  Supply Depot  
  14  0:26  SCV  
  15  0:30  Refinery  
  15  0:40  SCV  
  16  0:47  Barracks  
  16  0:52  SCV  
  17  1:05  Barracks  
  17  1:18  Barracks  
  17  1:22  SCV  
  18  1:35  Reaper  
  18  1:39  Orbital Command  
  19  1:50  Refinery  
  19  1:55  Reaper  
  20  2:05  Supply Depot, Reaper  
  21  2:10  Reaper  
  21  2:15  SCV  
  23  2:27  Reaper, SCV  
  25  2:38  Reaper  
  25  2:39  Supply Depot  
  25  2:42  SCV  
  27  2:44  Reaper  
  28  2:58  SCV  
  29  2:59  Reaper  
  30  3:12  Reaper  
  31  3:18  Reaper  
  32  3:26  SCV  
  33  3:27  Command Center  
  33  3:31  Reaper  
  33  3:32  Supply Depot  
Show
View Real Time Build Order
Export as new Build Order

StoneRage Zerg - Winner!

Build Orders: Pool Only 

Get SALT Encoding   

  12  0:01  Drone  
  13  0:11  Drone  
  14  0:20  Extractor  
  13  0:22  Drone, Extractor  
  13  0:23  Drone  
  16  0:38  Spawning Pool  
  15  0:49  Overlord  
  15  1:30  Spine Crawler  
  14  1:33  Evolution Chamber  
  13  1:40  Evolution Chamber  
  13  1:45  Drone  
  13  1:46  Drone x2  
  16  2:12  Spine Crawler  
  16  2:14  Zergling x4  
  17  2:24  Spine Crawler  
  17  2:38  Spine Crawler  
  16  2:55  Queen  
  17  3:00  Spine Crawler, Zergling x2  
  17  3:01  Zergling x4  
  19  3:24  Zergling x2, Extractor  
  19  3:25  Zergling x2  
Tags
 
Add a new tag
Caveats
  • Supply blocks, unpowered buildings, or Contaminate may cause inaccurate times.
  • Supply counts are checked every 10 seconds.